 Dungeon Crawl Stone Soup version 0.32-a0-360-gcd93b57ba1 (webtiles) character file.

Game seed: 5347341851040018065

42 Goblin1989 the Cudgeller (level 3, -3/27 HPs)
             Began as a Coglin Gladiator on Feb 18, 2024.
             Slain by a gnoll
             ... wielding a +0 flail
              (6 damage)
             ... on level 2 of the Dungeon.
             The game lasted 00:01:16 (700 turns).

Goblin1989 the Cudgeller (Coglin Gladiator)          Turns: 700, Time: 00:01:16

Health: -3/27      AC:  4    Str: 16    XL:     3   Next: 56%
Magic:  3/3        EV: 12    Int:  7    God:
Gold:   55         SH:  0    Dex: 15    Spells: 2/2 levels left

rFire   . . .        a - +0 flail {Consuela}
rCold   . . .        (no shield)
rNeg    . . .        b - +0 leather armour
rPois   .            c - +0 helmet
rElec   .            (no cloak)
rCorr   .            (no gloves)
SInv    .            (no boots)
Will    .....        (no amulet)
Stlth   +            (no ring)
HPRegen 0.24/turn    (no ring)
MPRegen 0.08/turn

%: no passive effects
@: revving
A: off-hand wielding, slow wielding, warmup strikes, warmup strides
a: no special abilities


You were on level 2 of the Dungeon.
You visited 1 branch of the dungeon, and saw 2 of its levels.

You collected 55 gold pieces.

Inventory:

Hand Weapons
 a - a +0 flail (weapon) {Consuela}
Missiles
 d - 3 throwing nets (quivered) {!d , @Q1}
 e - a javelin
Armour
 b - a +0 leather armour (worn)
 c - a +0 helmet (worn)
Scrolls
 f - 4 scrolls of identify {unknown}
 g - 3 scrolls of fear {unknown}
 h - a scroll of immolation {unknown}
Potions
 i - 2 potions of haste {unknown}
 j - a potion of brilliance {unknown}


   Skills:
 - Level 2.0 Fighting
 + Level 4.1 Maces & Flails
 - Level 1.7 Throwing
 - Level 2.6 Dodging


You had 2 spell levels left.
You didn't know any spells.
Your spell library contained the following spells:

 Spells                   Type           Power      Damage    Failure   Level
 Fugue of the Fallen      Necr           0%         N/A       86%         3
 Ozocubu's Armour         Ice            0%         N/A       86%         3
 Manifold Assault         Tloc           0%         N/A       99%         4


Dungeon Overview and Level Annotations

Branches:
Dungeon (2/15) Zot: 11258

Altars:


Innate Abilities, Weirdness & Mutations

You can wield a second weapon in your off-hand.
It takes a long time for you to wield or remove held weapons.
Your first few attacks do less damage.
Your first movements take longer.


Message History

No target in view!
No target in view!
No target in view!
A ball python comes into view.
The ball python closely misses you. The ball python grabs you.
The ball python constricts you.
You hit the ball python.
The ball python is moderately wounded.
The ball python closely misses you. The ball python constricts you.
The ball python bites you. The ball python constricts you.
You take 5 damage, and have 22/27 hp.
You hit the ball python.
The ball python is severely wounded.
The ball python bites you but does no damage.
The ball python constricts you.
You thump the ball python!
You kill the ball python!
No target in view!
No target in view!
No target in view!
No target in view!
No target in view!
No target in view!
No target in view!
No target in view!
No target in view!
No target in view!
No target in view!
No target in view!
No target in view!
No target in view!
No target in view!
No target in view!
HP restored.
You see here a ball python corpse.
Found a stone staircase leading down.
Health restored: 27 An adder comes into view.
The adder bites you.
You are poisoned.
The adder poisons you!
You take 3 damage, and have 24/27 hp.
You closely miss the adder.
You feel sick. The adder bites you but does no damage.
The adder barely misses you.
You closely miss the adder.
You feel sick. The adder closely misses you. The adder misses you.
You take 3 damage, and have 21/27 hp.
You sock the adder!
The adder is almost dead.
You feel sick. The adder bites you but does no damage.
You sock the adder!
You kill the adder!
You feel sick.
You are no longer poisoned.
Your Maces & Flails skill increases to level 4!
You take 1 damage, and have 20/27 hp.
No target in view!
No target in view!
No target in view!
No target in view!
No target in view!
No target in view!
No target in view!
No target in view!
No target in view!
No target in view!
No target in view!
No target in view!
No target in view!
No target in view!
No target in view!
No target in view!
No target in view!
A gnoll comes into view. It is wielding a +0 flail.
Health restored: 27 The gnoll shouts!
A gnoll comes into view. It is wielding a +0 spear.
The gnoll shouts!
You hear a shout!
A gnoll comes into view. It is wielding a +0 flail.
You sock the gnoll!
The gnoll is heavily wounded.
The gnoll hits you with a +0 flail. The gnoll barely misses you.
You take 5 damage, and have 22/27 hp.
You closely miss the gnoll.
The gnoll is heavily wounded.
A gnoll comes into view. It is wielding a +0 spear.
The gnoll barely misses you.
The gnoll hits you from afar with a +0 spear!
You take 7 damage, and have 15/27 hp.
MASSIVE DAMAGE!!
You closely miss the gnoll.
The gnoll is heavily wounded.
The gnoll shouts!
The gnoll hits you with a +0 flail!
* * * LOW HITPOINT WARNING * * *
The gnoll hits you from afar with a +0 spear.
* * * LOW HITPOINT WARNING * * *
The gnoll closely misses you.
You take 12 damage, and have 3/27 hp.
MASSIVE DAMAGE!!
The gnoll attacks as it pursues you! The gnoll hits you with a +0 flail.
You die...

█.████.......█ █.█
█....†..█ █.█ █..████.█
█████.█ █..█ █.████
...█.█ █..█ █.█...
.██████.█.█ █..█ █.█...
..........█ █..█ █.█...
.██████.██████..████.█.█.
........@g.ggg...........
.██████.██████..████.█.█.
███.██████..█ ...█.█.
█..........███████.█.
█.█.████████ █.█. █.█.█
█.█. █ █.█ █.█. █.█ █.█.
█.█ █.


You could see 4 gnolls.

Vanquished Creatures
  An adder (D:2)
  3 giant cockroaches (D:1)
  2 goblins (D:1)
  4 hobgoblins (D:1)
  A quokka (D:1)
  2 ball pythons
  A bat (D:1)
  A frilled lizard (D:1)
  A kobold (D:1)
  3 rats
19 creatures vanquished.

Notes
Turn   | Place    | Note
-------+----------+-------------------------------------------
     0 | D:1      | Goblin1989 the Coglin Gladiator began the quest for the
                  | Orb.
     0 | D:1      | Reached XP level 1. HP: 16/16 MP: 1/1
    51 | D:1      | Reached skill level 3 in Maces & Flails
   107 | D:1      | Reached XP level 2. HP: 14/22 MP: 2/2
   402 | D:1      | Reached XP level 3. HP: 27/27 MP: 3/3
   640 | D:2      | Reached skill level 4 in Maces & Flails
   700 | D:2      | Slain by a gnoll

Illustrated notes

Levels and vault maps discovered:
D:1:      amcnicky_arrival_single_pillar, layout_rooms
D:2:      layout_basic, chequers_ecumenical_altar_lobes, uniq_sigmund

Skill      XL: |  1  2  3 |
---------------+----------+-----
Maces & Flails | 3 4 |  4.1
Fighting       | |  2.0
Throwing       | |  1.7
Dodging        | |  2.6

Action                     || total
---------------------------++-------
  Melee: Flail             ||    60
 Armour: Leather armour    ||    38
  Dodge: Dodged            ||    41

Table legend: (Time is in decaauts)
 A = Elapsed time spent in this place.
 B = Non-inter-level travel time spent in this place.
 C = Inter-level travel time spent in this place.
 D = Time resting spent in this place.
 E = Time spent auto-exploring this place.
 F = Levels seen in this place.
 G = Mean time per level.
                   A        B        C        D        E       F      G
               +--------+--------+--------+--------+--------+-----+--------+
         Total |    739 |    738 |      1 |      0 |    568 |   2 |  369.5 |
       Dungeon |    739 |    738 |      1 |      0 |    568 |   2 |  369.5 |
               +--------+--------+--------+--------+--------+-----+--------+

Top non-repeatable levels by time:
     D:1: 609 daAuts
     D:2: 130 daAuts
